 Dungeon Crawl Stone Soup version 0.31.0-11-ge490571c62 (webtiles) character file.

Game seed: 11069559182602001014

86 Gadfly the Insei (level 4, -5/35 HPs)
             Began as a Demonspawn Monk on Feb 2, 2024.
             Killed by divine providence
             ... invoked by an orc priest
              (9 damage)
             ... on level 3 of the Dungeon.
             The game lasted 00:02:49 (2326 turns).

Gadfly the Insei (Demonspawn Monk)                  Turns: 2326, Time: 00:02:49

Health: -5/35      AC:  4    Str: 13    XL:     4   Next: 27%
Magic:  4/4        EV: 13    Int: 11    God:
Gold:   154        SH:  0    Dex: 15    Spells: 3/3 levels left

rFire   . .          .
                       - Unarmed
rCold   . . .        c - orb {light}
rNeg    . . .        a - +0 robe
rPois   .            (helmet restricted)
rElec   .            (no cloak)
rCorr   .            (no gloves)
SInv    .            (no boots)
Will    .....        (no amulet)
Stlth   +            (no ring)
HPRegen 0.25/turn    (no ring)
MPRegen 0.09/turn

%: no passive effects
@: glowing
A: horns 1, molten scales 1
a: no special abilities


You were on level 3 of the Dungeon.
You visited 1 branch of the dungeon, and saw 3 of its levels.

You collected 154 gold pieces.

Inventory:

Hand Weapons
 j - a +1 whip of freezing
Armour
 a - a +0 robe (worn)
 c - an orb of light (worn)
Jewellery
 e - an amulet of faith
Talismans
 d - a maw talisman
Scrolls
 i - a scroll of teleportation {unknown}
 m - a scroll of butterflies
Potions
 b - a potion of ambrosia
 f - a potion of mutation
 g - a potion of heal wounds {unknown}
 h - a potion of degeneration {unknown}
 k - a potion of haste
 l - a potion of enlightenment {unknown}


   Skills:
 - Level 3.0 Fighting
 + Level 3.1 Dodging
 * Level 3.3 Unarmed Combat
 * Level 2.0 Evocations
 * Level 1.4 Shapeshifting


You had 3 spell levels left.
You didn't know any spells.
Your spell library contained the following spells:

 Spells                   Type           Power      Damage    Failure   Level
 Summon Ice Beast         Ice/Summ       0%         N/A       71%         3
 Summon Mana Viper        Hex/Summ       0%         N/A       100%        5
 Monstrous Menagerie      Summ           0%         N/A       100%        7


Dungeon Overview and Level Annotations

Branches:
Dungeon (3/15)

Altars:
Nemelex Xobeh

Shops:
D:2 (

Annotations:
D:3 2 transporters, Curundu's ghost, amateur MiBe


Innate Abilities, Weirdness & Mutations

You have a pair of small horns on your head.
You are partially covered in molten scales. (AC +2)


Message History

The orc shouts!
You hear a shout!
The orc throws a boomerang.
The boomerang closely misses you.
The orc priest shouts! x2
The orc throws a boomerang.
The boomerang hits you.
The orc priest shouts! x2
The orc priest invokes the aid of Beogh against you.
Beogh smites you!
There is an open door here.
You are too injured to fight recklessly!
You are too injured to fight recklessly!
You are too injured to fight recklessly!
You are too injured to fight recklessly!
You are too injured to fight recklessly!
You are too injured to fight recklessly!
You are too injured to fight recklessly!
You are too injured to fight recklessly!
You are too injured to fight recklessly!
You are too injured to fight recklessly!
You are too injured to fight recklessly!
You are too injured to fight recklessly!
You are too injured to fight recklessly!
You are too injured to fight recklessly!
You are too injured to fight recklessly!
You are too injured to fight recklessly!
You are too injured to fight recklessly!
You are too injured to fight recklessly!
You are too injured to fight recklessly!
Unknown command.
The orc throws a boomerang.
The boomerang hits you.
The orc throws a boomerang.
The boomerang hits you.
The orc throws a boomerang.
The boomerang hits you.
The orc priest mumbles some strange prayers to Beogh against you.
Beogh smites you!
* * * LOW HITPOINT WARNING * * *
There is a sparkling altar of Nemelex Xobeh here.
There is a fountain of sparkling water here.
The orc throws a boomerang.
The boomerang barely misses you.
The orc priest invokes the aid of Beogh against you.
Beogh smites you!
You die...

....o>oo.o.............>.##
......####.........###.#.
.....# #..##.##........
....# #o###.##.####.## ...#
#.##...#.# #. #'#
#.###.##.# # #.# #.###.##.#
#.# #o##..##.# #.##
#.o⌠.⌠.@.#
...########.._..###
....#...####⌠.⌠##
...#.....####..#
...............#
####.....####### ##...##
#####


You could see an orc priest and an orc.

Vanquished Creatures
  Terence (D:3)
  An adder (D:2)
  5 ball pythons
  5 bats
  6 endoplasms
  3 giant cockroaches
  2 hobgoblins (D:2)
  5 kobolds
  3 quokkas
  3 frilled lizards (D:2)
  8 goblins
  5 rats
  A spectral hobgoblin (D:1)
48 creatures vanquished.

Notes
Turn   | Place    | Note
-------+----------+-------------------------------------------
     0 | D:1      | Gadfly the Demonspawn Monk began the quest for the Orb.
     0 | D:1      | Reached XP level 1. HP: 18/18 MP: 1/1
    40 | D:1      | Found a faded altar of an unknown god.
   130 | D:1      | Gained mutation: You have a pair of small horns on your
                  | head. [demonic ancestry]
   130 | D:1      | Reached XP level 2. HP: 24/24 MP: 2/2
   232 | D:1      | Reached skill level 1 in Evocations
  1015 | D:2      | Gained mutation: You are partially covered in molten
                  | scales. (AC +2) [demonic ancestry]
  1015 | D:2      | Reached XP level 3. HP: 27/29 MP: 3/3
  1092 | D:2      | Reached skill level 1 in Shapeshifting
  1175 | D:2      | You fall into a shaft and drop 1 floor!
  1190 | D:3      | Found a sparkling altar of Nemelex Xobeh.
  1526 | D:2      | Found Haghoman's Weapon Emporium.
  1838 | D:3      | Noticed Terence
  1854 | D:3      | Killed Terence
  1855 | D:3      | Reached XP level 4. HP: 13/35 MP: 4/4
  2215 | D:3      | Found a transporter.
  2217 | D:3      | Noticed Curundu's ghost (amateur MiBe)
  2220 | D:3      | Found a transporter.
  2326 | D:3      | Killed from afar by an orc priest

Illustrated notes

Levels and vault maps discovered:
D:1:      eino_arrival_cavern_a, layout_basic,
          dreamdust_ecumenical_altar_drowned_temple
D:2:      layout_basic, serial_shops, nicolae_shop_real_fake_doors, st_stairs_4
D:3:      wander_river, layout_loops_corners, nemelex_xobeh_ov_fountains_minmay,
          gammafunk_ghost_mausoleum, small_statue_intersection, uniq_terence

Skill      XL: |  1  2  3 |
---------------+----------+-----
Evocations     | 1 2 |  2.0
Unarmed Combat | 3 |  3.3
Shapeshifting  | 1 |  1.4
Dodging        | 3 |  3.1
Fighting       | |  3.0

Action                     |  1- 3 |  4- 6 || total
---------------------------+-------+-------++-------
  Melee: Unarmed           |   108 |     1 ||   109
         Headbutt          |    16 |       ||    16
    Use: Scroll            |     4 |       ||     4
         Potion            |     1 |       ||     1
   Stab: Sleeping          |     1 |       ||     1
 Armour: Robe              |    37 |     6 ||    43
  Dodge: Dodged            |    56 |     2 ||    58
